 Dungeon Crawl Stone Soup version 0.29-a0-902-g0f71de6fce (webtiles) character file.

Game seed: 1088944403364173798

1403 Malachi the Changer (level 8, -3/50 (54) HPs)
             Began as a Demonspawn Transmuter on July 24, 2022.
             Slain by a wight
             ... wielding a +3 war axe of freezing
              (4 damage)
             ... on level 5 of the Dungeon.
             The game lasted 00:11:51 (7630 turns).

Malachi the Changer (Demonspawn Transmuter)         Turns: 7630, Time: 00:11:52

HP:   -3/50 (54)    AC:  6    Str: 10    XL:     8   Next: 42%
MP:   14/14         EV: 12    Int: 17    God:
Gold: 102           SH:  0    Dex: 20    Spells: 7/15 levels left

rFire   . . .      SeeInvis .   k - +2 whip (venom)
rCold   . . .      Faith    .   (no shield)
rNeg    . . .      Spirit   .   d - +0 leather armour
rPois   .          Reflect  .   (no helmet)
rElec   .          Harm     .   j - +0 cloak
rCorr   .          Rampage  .   (no gloves)
Will    +....                   (no boots)
Stlth   +.........              (no amulet)
HPRegen 0.16/turn               f - +6 ring of dexterity
MPRegen 0.14/turn               o - ring of willpower

@: about to teleport, drained
A: thin metallic scales 1, powered by death 1, demonic touch 2
a: no special abilities


You were on level 5 of the Dungeon.
You visited 1 branch of the dungeon, and saw 6 of its levels.

You collected 282 gold pieces.
You spent 180 gold pieces at shops.

Inventory:

Hand Weapons
 k - a +2 whip of venom (weapon)
Missiles
 w - 5 poisoned darts
Armour
 d - a +0 leather armour (worn)
 j - a +0 cloak (worn)
Jewellery
 f - a +6 ring of dexterity (left hand)
 o - a ring of willpower (right hand)
Wands
 u - a wand of iceblast (6)
Scrolls
 a - a scroll of teleportation
 b - a scroll of enchant armour
 c - a scroll of amnesia
 g - 2 scrolls of poison
 i - 2 scrolls of fear
 t - a scroll of blinking
Potions
 e - 4 potions of attraction
 h - a potion of ambrosia
 l - a potion of brilliance
 m - a potion of haste {unknown}
 n - a potion of invisibility {unknown}
 p - a potion of might {unknown}
 q - 5 potions of curing
 r - a potion of mutation {unknown}
 s - 2 potions of heal wounds {unknown}
 v - a potion of berserk rage {unknown}


   Skills:
 - Level 1.0 Fighting
 - Level 1.7 Dodging
 - Level 2.6 Unarmed Combat
 - Level 4.0 Spellcasting
 * Level 7.3 Transmutations
 + Level 3.3 Ice Magic
 - Level 4.0 Poison Magic


You had 7 spell levels left.
You knew the following spells:

 Your Spells              Type           Power      Damage    Failure   Level
a - Beastly Appendage     Tmut           56%        N/A       1%          1
b - Spider Form           Tmut/Pois      22%        N/A       6%          3
c - Ice Form              Ice/Tmut       21%        N/A       24%         4

Your spell library contained the following spells:

 Spells                   Type           Power      Damage    Failure   Level
 Wereblood                Tmut           28%        N/A       1%          2
 Freeze                   Ice            56%        1d7       5%          1
 Frozen Ramparts          Ice            28%        1d4       16%         3
 Blade Hands              Tmut           14%        N/A       30%         5
 Portal Projectile        Hex/Tloc       6%         N/A       54%         3
 Tukima's Dance           Hex            3%         N/A       54%         3
 Hailstorm                Conj/Ice       9%         3d4       71%         4


Dungeon Overview and Level Annotations

Branches:
Dungeon (6/15)
 Temple: D:4-7

Altars:
Okawaru
Ru

Shops:
D:3 [**:   D:5 ?

Annotations:
D:3 1 runed translucent door, exclusion: door, Crazy Yiuf


Innate Abilities, Weirdness & Mutations

You are partially covered in thin metallic scales. (AC +2)
You regenerate a little health from kills.
Your touch may inflict irresistible damage on your foes.


Message History

You hit the gnoll.
The gnoll is poisoned.
The gnoll is heavily wounded.
The gnoll hits you with a +0 flail.
You hit the gnoll.
The gnoll looks as sick as possible!
The gnoll is almost dead.
You kill the gnoll!
Items here: )) ††.
A wight comes into view.
It is wielding a +3 war axe of freezing.
Your transformation has ended.
Your +2 whip of venom unmelds from your body.
Your +0 cloak unmelds from your body.
Your +0 leather armour unmelds from your body.
Your +2 whip of venom begins to drip with poison!
The wight hits you with a +3 war axe of freezing!
The wight freezes you.
You hit the wight. Your touch misses the wight.
The wight is lightly damaged.
The wight closely misses you. The wight attacks as you move away!
The wight hits you but does no damage.
Items here: )) ††.
The wight attacks as you move away! The wight barely misses you.
The wight attacks as you move away! The wight closely misses you.
You see here the +0 ring mail of Satisfaction {Will+ Int+5 Dex+6}.
The wight attacks as you move away! The wight closely misses you.
The wight attacks as you move away!
The wight hits you with a +3 war axe of freezing!
The wight freezes you.
There is a stone staircase leading up here.
The wight hits you with a +3 war axe of freezing!
You feel drained. The wight freezes you.
* * * LOW HITPOINT WARNING * * *
You climb upwards.
There is a stone staircase leading down here.
Unknown command.
As you read the scroll of teleportation, it crumbles to dust.
You feel strangely unstable.
The wight hits you with a +3 war axe of freezing!
* * * LOW HITPOINT WARNING * * *
You feel drained.
You die...

##...# #...# #...#
##### ##...#
###...#######....#
#...............##
#...............#
#...............#
#.....>.......@##
##.............z##
############....#
###.)# ##.# #.#
###


You could see a wight.

Vanquished Creatures
  Eustachio (D:6)
  A water moccasin (D:5)
  3 ogres
  A kobold brigand (D:6)
  A necrophage (D:4)
  3 scorpions
  A jelly (D:5)
  3 hounds
  2 orc priests
  4 iguanas
  2 orc wizards (D:4)
  A mummy (D:5)
  6 gnolls
  7 adders
  A shadow imp (D:5)
  2 worms
  2 dart slugs
  22 orcs
  5 endoplasms
  3 giant cockroaches
  8 goblins
  10 hobgoblins
  3 jackals
  5 quokkas
  4 ball pythons
  9 bats
  3 frilled lizards (D:1)
  2 hobgoblin zombies (D:5)
  12 kobolds
  2 kobold zombies (D:5)
  4 rats
133 creatures vanquished.

Vanquished Creatures (others)
  8 plants
8 creatures vanquished.

Grand Total: 141 creatures vanquished

Notes
Turn   | Place    | Note
-------+----------+-------------------------------------------
     0 | D:1      | Malachi the Demonspawn Transmuter began the quest for the
                  | Orb.
     0 | D:1      | Reached XP level 1. HP: 15/15 MP: 3/3
   457 | D:1      | Reached skill level 2 in Transmutations
   563 | D:1      | Gained mutation: You are partially covered in thin metallic
                  | scales. (AC +2) [demonic ancestry]
   563 | D:1      | Reached XP level 2. HP: 16/21 MP: 3/5
  1359 | D:2      | Reached XP level 3. HP: 23/26 MP: 5/7
  1363 | D:2      | Learned a level 3 spell: Spider Form
  1637 | D:2      | Found a faded altar of an unknown god.
  1887 | D:2      | Reached skill level 1 in Poison Magic
  1887 | D:2      | Gained mutation: You regenerate a little health from kills.
                  | [demonic ancestry]
  1887 | D:2      | Reached XP level 4. HP: 32/32 MP: 6/8
  2240 | D:3      | Reached skill level 3 in Transmutations
  2284 | D:3      | Found Nafiuph's Antique Armour Emporium.
  2285 | D:3      | Found Kiplosm's Assorted Antiques.
  2309 | D:3      | Bought a scroll of identify for 44 gold pieces
  2321 | D:3      | Found Ziatour's General Store.
  2326 | D:3      | Noticed a scorpion
  2330 | D:3      | Killed a scorpion
  2331 | D:3      | Reached XP level 5. HP: 23/37 MP: 7/10
  2332 | D:3      | Bought a scroll of identify for 24 gold pieces
  2734 | D:3      | Found an iron altar of Okawaru.
  2782 | D:3      | Found Loteluob's Armour Boutique.
  2805 | D:3      | Learned a level 4 spell: Ice Form
  2919 | D:3      | Noticed an ogre
  2926 | D:3      | Killed an ogre
  3382 | D:3      | Found a runed translucent door.
  3383 | D:3      | Noticed Crazy Yiuf
  3438 | D:3      | Found Fijou's Book Boutique.
  3484 | D:3      | Found a sacrificial altar of Ru.
  3951 | D:3      | Reached XP level 6. HP: 25/43 MP: 11/11
  4389 | D:4      | Reached skill level 4 in Transmutations
  4485 | D:4      | Gained mutation: Your touch may inflict minor irresistible
                  | damage on your foes. [demonic ancestry]
  4485 | D:4      | Reached XP level 7. HP: 47/48 MP: 13/13
  4683 | D:4      | Reached skill level 5 in Transmutations
  5024 | D:5      | Entered Level 5 of the Dungeon
  5047 | D:5      | Reached skill level 1 in Ice Magic
  5057 | D:5      | Reached skill level 6 in Transmutations
  5925 | D:5      | Gained mutation: Your touch may inflict irresistible damage
                  | on your foes. [demonic ancestry]
  5925 | D:5      | Reached XP level 8. HP: 49/54 MP: 14/14
  6001 | D:5      | Found Waanyk's Magic Scroll Boutique.
  6040 | D:5      | Bought a scroll of fear for 56 gold pieces
  6040 | D:5      | Bought a scroll of identify for 28 gold pieces
  6040 | D:5      | Bought a scroll of identify for 28 gold pieces
  7569 | D:6      | Identified the +0 ring mail of Satisfaction {Will+ Int+5
                  | Dex+6}
  7575 | D:6      | Noticed Eustachio
  7598 | D:6      | Killed Eustachio
  7599 | D:6      | Reached skill level 7 in Transmutations
  7630 | D:5      | HP: 1/52 [wight/+3 war axe of freezing (14)]
  7630 | D:5      | Slain by a wight

Illustrated notes

Levels and vault maps discovered:
D:1:      dpeg_arrival_water_fire, layout_rooms, chequers_serial_rivers_small_a
D:2:      layout_loops_corners, basic_altar, serial_forest,
          infiniplex_forest_straight_2, infiniplex_forest_lined_2,
          infiniplex_forest_lined_ring, infiniplex_forest_clump_large,
          infiniplex_forest_straight_5, infiniplex_forest_lined_2,
          infiniplex_forest_clump_curved, basic_ecumenical_altar
D:3:      layout_basic, okawaru_gym_becter, mainiacjoe_overflow_boulevard,
          serial_shops, nicolae_shop_crystal, nicolae_shop_statue_plus, shop,
          nicolae_diamond_shop, shop, uniq_crazy_yiuf_cottage
D:4:      layout_cave_pools
D:5:      layout_layer_cave, serial_shops, nicolae_shop_hallway_stairs,
          minmay_mini_ossuary
D:6:      layout_basic, trog_ov_bears_minmay, minmay_temple_entry_steel_oval,
          uniq_eustachio

Skill      XL: |  1  2  3  4  5  6  7  8 |
---------------+-------------------------+-----
Transmutations | 2 3 4 6 7 |  7.3
Spellcasting   | 3 4 |  4.0
Poison Magic   | 1 2 3 4 |  4.0
Ice Magic      | 2 3 |  3.3
Fighting       | |  1.0
Dodging        | |  1.7
Unarmed Combat | |  2.6

Action                   |  1- 3 |  4- 6 |  7- 9 || total
-------------------------+-------+-------+-------++-------
Melee: Unarmed           |    82 |     5 |    58 ||   145
       Kick              |    25 |    10 |     4 ||    39
       Headbutt          |    11 |     2 |     7 ||    20
       Punch             |     3 |     1 |     2 ||     6
       Whip              |    12 |   122 |    81 ||   215
       Touch             |       |       |    22 ||    22
 Cast: Beastly Appendage |    25 |     3 |     5 ||    33
       Spider Form       |       |       |     4 ||     4
  Use: Scroll            |     3 |     8 |     5 ||    16
       Potion            |       |     2 |       ||     2
 Stab: Sleeping          |     1 |     2 |       ||     3
Armor: Robe              |    24 |       |       ||    24
       Leather armour    |    34 |    47 |    16 ||    97
       Skin              |       |     4 |     9 ||    13
Dodge: Dodged            |    73 |   116 |   102 ||   291

Table legend: (Time is in decaauts)
 A = Elapsed time spent in this place.
 B = Non-inter-level travel time spent in this place.
 C = Inter-level travel time spent in this place.
 D = Time resting spent in this place.
 E = Time spent auto-exploring this place.
 F = Levels seen in this place.
 G = Mean time per level.
                   A        B        C        D        E       F      G
               +--------+--------+--------+--------+--------+-----+--------+
         Total |   7645 |   7415 |    230 |   2852 |   3378 |   6 | 1274.2 |
       Dungeon |   7645 |   7415 |    230 |   2852 |   3378 |   6 | 1274.2 |
               +--------+--------+--------+--------+--------+-----+--------+

Top non-repeatable levels by time:
     D:3: 2073 daAuts
     D:5: 1722 daAuts
     D:1: 1151 daAuts
     D:4: 1069 daAuts
     D:2: 1062 daAuts
     D:6: 566 daAuts
